 Dungeon Crawl Stone Soup version 0.24-b1-44-g37ad8b309f (webtiles) character file.

Game seed: 18105782815109288428, levelgen mode: deterministic

88 Ruokin the Grave Robber (level 4, -1/30 HPs)
             Began as a Mummy Necromancer on Oct 23, 2019.
             Slain by an orc wizard
             ... wielding a +0 dagger
              (4 damage)
             ... on level 3 of the Dungeon.
             The game lasted 00:11:28 (2440 turns).

Ruokin the Grave Robber (Mummy Necromancer)         Turns: 2440, Time: 00:11:28

Health: -1/30      AC:  3    Str: 11    XL:     4   Next: 29%
Magic:  1/10       EV: 12    Int: 15    God:
Gold:   41         SH:  0    Dex: 12    Spells: 10/11 levels left

rFire    x . .     SeeInvis .   (no weapon)
rCold    + . .     Gourm    .   (no shield)
rNeg     + + +     Faith    .   a - +1 robe
rPois    ∞         Spirit   .   (no helmet)
rElec    .         Reflect  .   (no cloak)
rCorr    .         Harm     .   (no gloves)
MR       .....                  (no boots)
Stlth    ++........             (no amulet)
HPRegen  0.10/turn              (no ring)
MPRegen  0.12/turn              (no ring)

@: no status effects
A: no food or potions, fire vulnerability, cold resistance 1, negative energy
resistance 3, torment resistance, unbreathing
a: no special abilities


You were on level 3 of the Dungeon.
You were not hungry.

You visited 1 branch of the dungeon, and saw 3 of its levels.

You collected 41 gold pieces.

Inventory:

Armour
 a - a +1 robe (worn)
Jewellery
 c - a cursed -2 ring of slaying {unknown}
 d - a +2 amulet of reflection {unknown}
 e - an uncursed ring of protection from magic {unknown}
Scrolls
 b - 2 scrolls of identify {unknown}


   Skills:
 + Level 1.6 Dodging
 + Level 1.7 Stealth
 + Level 0.1 Unarmed Combat
 + Level 4.3 Spellcasting
 + Level 4.9 Necromancy


You had 10 spell levels left.
You knew the following spells:

 Your Spells              Type           Power        Failure   Level  Hunger
a - Pain                  Necr           ###.         2%          1    N/A

Your spell library contained the following spells:

 Spells                   Type           Power        Failure   Level  Hunger
 Animate Skeleton         Necr           N/A          2%          1    N/A
 Vampiric Draining        Necr           ###.......   7%          3    N/A
 Animate Dead             Necr           N/A          22%         4    N/A
 Regeneration             Chrm/Necr      Unusable     N/A         3    N/A

Dungeon Overview and Level Annotations

Branches:
Dungeon (3/15)

Altars:

Annotations:
D:3 1 runed translucent door, Crazy Yiuf


Innate Abilities, Weirdness & Mutations

You do not eat or drink.
Your flesh is vulnerable to fire.
You are immune to poison.
Your flesh is cold resistant. (rC+)
You are immune to negative energy. (rN+++)
You are immune to unholy pain and torment.
You can survive without breathing.


Message History

Casting: Pain (safe; 2% risk of failure)
Confirm with . or Enter, or press ? or * to list all spells.
Aiming: Pain (safe; 2% risk of failure)
Press: ? - help, Shift-Dir - straight line, f/p - orc wizard
Aim: an orc wizard, wielding a +0 dagger and wearing a +0 robe (moderately wounded, fast, chance to defeat MR: 78%)
The orc wizard writhes in agony.
The orc wizard misses you.
The orc wizard hits you with a +0 dagger.
* * * LOW HITPOINT WARNING * * *
You hit the orc wizard but do no damage.
The orc wizard is severely wounded.
The orc wizard hits you with a +0 dagger.
* * * LOW HITPOINT WARNING * * *
You closely miss the orc wizard.
The orc wizard is severely wounded.
The orc wizard barely misses you.
The orc wizard hits you but does no damage.
You closely miss the orc wizard.
The orc wizard is severely wounded.
The orc wizard hits you with a +0 dagger.
You die...

##########
#........###########
#........ggwo@.....#### .
######...K########....##### #.
##....### #######.....#
#.#####..o....###...........#
##.......g.........###########
...g..#......##....#
#..###..#....#####.### ..
#..##..### #...# ##. #.####.#
###%##


You could see a worm, an orc wizard, 2 goblins and a kobold.

Vanquished Creatures
  2 adders (D:2)
  An ooze (D:2)
  3 worms (D:2)
  A dart slug (D:2)
  A leopard gecko (D:2)
  An orc (D:3)
  A ball python (D:1)
  9 bats
  2 giant cockroaches
  8 goblins
  4 hobgoblins
  2 jackals (D:2)
  2 quokkas
  5 frilled lizards
  7 kobolds
  5 rats
54 creatures vanquished.

Notes
Turn   | Place    | Note
-------+----------+-------------------------------------------
     0 | D:1      | Ruokin the Mummy Necromancer began the quest for the Orb.
     0 | D:1      | Reached XP level 1. HP: 13/13 MP: 4/4
   160 | D:1      | Reached XP level 2. HP: 19/19 MP: 2/5
  1297 | D:2      | Reached XP level 3. HP: 23/24 MP: 0/8
  1896 | D:2      | Reached XP level 4. HP: 24/30 MP: 0/10
  2260 | D:3      | Found a runed translucent door.
  2261 | D:3      | Noticed Crazy Yiuf
  2440 | D:3      | Slain by an orc wizard

Skill      XL: |  1  2  3 |
---------------+----------+-----
Spellcasting   | 3 4 |  4.3
Dodging        | |  1.6
Stealth        | |  1.7
Unarmed Combat | |  0.1
Necromancy     | |  4.9

Action                   |  1- 3 |  4- 6 || total
-------------------------+-------+-------++-------
Melee: Unarmed           |    20 |     7 ||    27
 Cast: Pain              |    95 |    31 ||   126
  Use: Scroll            |     4 |       ||     4
Armor: Robe              |    22 |     3 ||    25
Dodge: Dodged            |    46 |    14 ||    60
